Map: Kimeran Refuge

Players

Niko

  • Race: Protoss Protoss
  • League: Silver
  • Spawn Location: 5:00

ssbattousai

  • Race: Zerg Zerg
  • Spawn Location: 6:00

Spidey

  • Race: Zerg Zerg
  • Spawn Location: 6:00

juhyg

  • Race: Zerg Zerg
  • League: Bronze
  • Spawn Location: 7:00

CodeName

  • Race: Terran Terran
  • League: Gold
  • Spawn Location: 12:00

EPT

  • Race: Zerg Zerg
  • Spawn Location: 12:00

traimacco

  • Race: Terran Terran
  • Spawn Location: 1:00

icedcoffee

  • Race: Protoss Protoss
  • Spawn Location: 11:00

VOD

Have the link to the VOD?

Description

Time

  • Played on: Feb. 5, 2016, 8:32 p.m.
  • Length: 8:32
Show
View Real Time Build Order
Export as new Build Order

Niko Protoss 

Build Orders:  

Get SALT Encoding   

  12  0:05  Probe (Chrono Boost)  
  13  0:16  Probe (Chrono Boost)  
  14  0:27  Pylon, Probe (Chrono Boost)  
  15  1:14  Pylon  
  15  1:21  Gateway  
  15  1:23  Pylon  
  15  1:24  Probe (Chrono Boost)  
  16  1:35  Probe (Chrono Boost)  
  16  1:48  Gateway  
  16  1:54  Gateway  
  16  1:55  Probe (Chrono Boost)  
  17  2:04  Assimilator  
  17  2:06  Probe (Chrono Boost)  
  18  2:11  Cybernetics Core  
  18  2:14  Assimilator  
  18  2:16  Probe (Chrono Boost)  
  18  2:22  Gateway  
  19  2:27  Pylon, Probe (Chrono Boost)  
  20  2:37  Probe (Chrono Boost)  
  21  2:48  Probe (Chrono Boost)  
  23  2:58  Probe (Chrono Boost)  
  23  3:05  Warp Gate (Chrono Boost)  
  23  3:09  Probe (Chrono Boost), Stalker x2  
  28  3:14  Stalker  
  30  3:22  Stalker  
  32  3:39  Stalker  
  34  3:41  Stalker  
  36  3:50  Forge  
  36  3:51  Pylon  
  35  4:22  Stalker x4  
  43  5:20  Robotics Facility  
  23  6:44  Stalker x2  
  23  6:45  Stalker x2  
  31  7:05  Nexus  
  31  7:11  Stalker x3  
  31  7:12  Stalker  
  31  7:13  Nexus  
  39  7:30  Observer  
  40  7:38  Gateway  
  40  7:39  Stalker  
  40  7:40  Stalker  
  40  7:41  Stalker x2  
Show
View Real Time Build Order
Export as new Build Order

ssbattousai Zerg 

Build Orders: Pool First 

Get SALT Encoding   

  12  0:20  Spawning Pool  
  11  0:35  Drone x2  
  13  0:36  Drone  
  14  1:08  Overlord  
  14  1:14  Extractor  
  14  1:16  Zergling x4, Extractor  
  14  1:27  Zergling x2  
  15  1:40  Drone  
  15  1:41  Zergling x2  
  17  1:53  Zergling x2  
  18  1:59  Hatchery  
  17  2:18  Drone x2  
  19  2:23  Hatchery  
  18  2:33  Drone  
  17  3:26  Drone x4  
  19  3:27  Drone, Queen  
  19  3:28  Queen  
  23  3:38  Queen  
  25  3:45  Metabolic Boost  
  25  3:57  Drone x3  
  25  3:58  Drone  
  29  4:06  Overlord  
  29  4:19  Overlord  
  29  4:27  Drone  
  29  4:28  Drone  
  29  4:30  Drone  
  32  4:45  Drone x4  
  36  4:52  Drone x3  
  39  4:53  Drone  
  39  4:59  Lair  
  40  5:06  Overlord  
  40  5:07  Drone  
  40  5:08  Drone  
  42  5:23  Spore Crawler  
  42  5:26  Spore Crawler  
  40  5:28  Spore Crawler  
  40  5:32  Spine Crawler x2  
  40  5:35  Drone, Spine Crawler  
  37  5:36  Drone x6  
  37  5:38  Drone  
  37  5:40  Drone  
  37  5:41  Drone  
  46  5:46  Drone  
  46  5:47  Zergling x4  
  49  5:55  Drone  
  50  5:57  Overlord x2  
  50  6:01  Roach Warren  
  49  6:08  Hydralisk Den  
  48  6:15  Evolution Chamber  
  48  6:16  Evolution Chamber  
  46  6:19  Infestation Pit  
  46  6:25  Zergling x4  
  46  6:26  Zergling x18  
  46  6:28  Overseer  
  54  6:47  Roach  
  54  6:48  Roach x5  
  66  7:00  Overlord x2  
  66  7:01  Overlord x2  
  66  7:05  Extractor  
  66  7:07  Extractor  
  64  7:11  Extractor x2  
  64  7:12  Overlord  
  64  7:13  Overlord  
  64  7:15  Hive  
  62  7:21  Zergling x6  
  65  7:40  Hydralisk x4, Roach  
  65  7:41  Roach  
  65  7:42  Drone  
  77  7:57  Hydralisk x3  
  77  7:58  Roach x2  
  83  7:59  Roach  
  80  8:12  Roach  
  87  8:13  Roach  
Show
View Real Time Build Order
Export as new Build Order

Spidey Zerg 

Build Orders: Pool First, Zergling Baneling 

Get SALT Encoding   

  12  0:02  Drone  
  13  0:20  Drone  
  14  0:29  Spawning Pool  
  13  0:42  Drone  
  14  0:48  Overlord  
  14  0:54  Drone, Extractor  
  14  1:12  Drone  
  14  1:13  Drone  
  16  1:31  Drone  
  16  1:32  Drone  
  18  1:37  Hatchery  
  17  1:41  Drone  
  18  1:52  Overlord  
  18  1:54  Queen  
  20  2:01  Drone  
  21  2:19  Drone  
  21  2:22  Drone  
  23  2:24  Metabolic Boost  
  23  2:39  Queen  
  25  2:49  Baneling Nest  
  24  2:52  Drone  
  24  2:54  Zergling x6  
  28  3:05  Zergling x4  
  30  3:17  Zergling x2  
  30  3:18  Zergling x6  
  34  3:32  Zergling x4  
  34  3:33  Overlord  
  34  4:03  Zergling x2  
  34  4:04  Zergling x10  
  38  4:24  Zergling x8  
  42  4:33  Baneling  
  42  4:34  Baneling x11  
  42  4:37  Zergling x2  
  43  4:51  Zergling x2  
  43  4:52  Overlord x2  
  32  5:30  Zergling x12  
  32  5:33  Spore Crawler  
  32  5:34  Spore Crawler  
  36  5:39  Spine Crawler  
  28  5:52  Drone  
  28  5:53  Drone  
  9  6:44  Drone  
  9  6:45  Drone x4  
  14  7:02  Hatchery  
  13  7:26  Extractor  
  12  7:43  Hatchery  
  11  8:16  Drone  
  12  8:21  Spine Crawler  
Show
View Real Time Build Order
Export as new Build Order

juhyg Zerg 

Build Orders: Hatch First 

Get SALT Encoding   

  12  0:35  Hatchery  
  11  0:48  Drone x2  
  11  0:49  Drone  
  14  1:13  Overlord x2  
  14  1:33  Spawning Pool  
  14  1:36  Drone x2  
  15  1:50  Drone x2  
  17  1:59  Extractor  
  16  2:03  Drone x2  
  16  2:04  Drone  
  19  2:16  Drone x2  
  21  2:25  Drone x2  
  21  2:27  Queen  
  25  2:31  Drone  
  26  2:45  Zergling x4  
  28  2:53  Drone x2  
  30  3:01  Drone  
  30  3:03  Drone  
  32  3:11  Lair  
  32  3:14  Queen  
  32  3:17  Drone x2  
  36  3:35  Overlord  
  36  3:36  Overlord x2  
  36  3:39  Metabolic Boost  
  36  3:45  Overlord x2  
  36  3:46  Overlord x2  
  36  3:57  Hatchery  
  35  4:27  Hydralisk Den  
  35  4:30  Roach Warren  
  33  4:38  Extractor  
  33  4:39  Drone  
  33  4:40  Drone x5  
  38  4:56  Drone x4  
  42  5:00  Drone  
  42  5:01  Drone x4  
  27  5:15  Overseer  
  27  5:16  Overseer  
  27  5:17  Overseer  
  26  5:39  Hydralisk x3  
  29  6:01  Drone  
  29  6:02  Zergling x6  
  29  6:03  Zergling x10  
  7  7:02  Zergling x8  
  7  7:03  Zergling x10  
  16  7:10  Drone  
  17  7:18  Overseer x2  
  17  7:19  Overseer  
  8  7:55  Drone x5  
  8  7:56  Drone x4  
Show
View Real Time Build Order
Export as new Build Order

CodeName Terran 

Build Orders:  

Get SALT Encoding   

  12  0:01  SCV  
  13  0:13  SCV  
  14  0:19  Supply Depot  
  14  0:27  SCV  
  15  0:38  Refinery  
  15  0:40  Refinery  
  15  0:41  SCV  
  16  0:57  Barracks  
  16  1:00  SCV  
  17  1:13  SCV  
  18  1:21  Barracks  
  18  1:25  SCV  
  19  1:31  Supply Depot  
  19  1:44  Orbital Command  
  19  1:55  Barracks Reactor  
  19  2:13  Barracks Reactor  
  19  2:25  SCV  
  19  2:28  Supply Depot  
  20  2:31  Reaper  
  20  2:32  Reaper  
  22  2:40  SCV  
  23  2:52  Reaper x2  
  23  2:56  SCV  
  26  3:04  Reaper x2  
  28  3:08  SCV  
  29  3:15  Command Center  
  29  3:28  Reaper x2  
  31  3:36  Reaper x2  
  31  3:40  SCV  
  34  4:00  Reaper x2  
  31  4:29  Orbital Command, Factory x2  
  30  4:48  Barracks  
  30  4:50  Barracks  
  30  4:54  Supply Depot  
  30  4:59  Supply Depot  
  23  6:01  Hellion x2  
  26  6:20  Marine x5  
  31  6:38  Marine x4  
  35  6:48  Barracks Tech Lab x2  
  35  7:23  Barracks Tech Lab  
  35  7:27  Marauder x2, Marine  
  40  7:31  Orbital Command  
  40  7:34  SCV  
  41  7:45  Marine  
  41  7:46  SCV  
  43  7:53  Marauder  
  43  7:54  Marauder x2  
  49  7:58  SCV  
  49  8:01  Hellion x4  
Show
View Real Time Build Order
Export as new Build Order

EPT Zerg 

Build Orders: Hatch First 

Get SALT Encoding   

  12  0:01  Drone  
  13  0:12  Overlord  
  13  0:17  Drone  
  14  0:26  Overlord  
  14  0:31  Drone  
  15  0:44  Drone  
  16  1:01  Drone  
  17  1:04  Drone  
  17  1:08  Hatchery  
  17  1:28  Drone x2  
  17  1:29  Drone  
  17  1:31  Spawning Pool  
  19  1:32  Extractor  
  19  1:35  Extractor  
  17  1:46  Drone  
  18  1:51  Drone  
  19  2:02  Drone  
  20  2:12  Drone  
  21  2:20  Queen  
  23  2:24  Spine Crawler  
  23  2:27  Zergling x4  
  26  2:40  Zergling x2  
  27  2:52  Spine Crawler  
  27  2:53  Zergling x2  
  27  2:54  Zergling x6  
  28  3:20  Drone x2  
  30  3:29  Hatchery  
  29  3:50  Overlord  
  29  4:08  Queen  
  31  4:14  Drone x7  
  38  4:18  Metabolic Boost  
  38  4:44  Queen  
  41  4:52  Drone  
  41  4:53  Drone x3  
  44  5:15  Overlord x6  
  44  5:33  Drone x2  
  46  5:46  Zergling x2  
  46  5:47  Zergling x2  
  48  5:55  Drone x2  
  50  6:00  Hatchery  
  49  6:12  Zergling x10  
  54  6:21  Drone x3  
  57  6:29  Extractor  
  57  6:31  Extractor  
  55  6:35  Drone x2  
  55  6:36  Drone x3  
  60  6:46  Drone  
  60  6:47  Drone x2  
  62  6:59  Lair  
  53  7:07  Zergling x8  
  53  7:20  Spine Crawler  
  53  7:21  Spine Crawler  
  51  7:25  Spine Crawler, Zergling x8  
  51  7:26  Zergling x8  
  49  7:55  Zergling x12  
  49  7:56  Zergling x10  
  52  8:06  Zergling x2  
  53  8:18  Hydralisk Den  
Show
View Real Time Build Order
Export as new Build Order

traimacco Terran 

Build Orders: Mech 

Get SALT Encoding   

  12  0:03  SCV  
  13  0:15  SCV  
  14  0:25  Refinery  
  14  0:31  Supply Depot  
  14  0:32  SCV  
  15  0:59  Barracks  
  15  1:08  SCV  
  16  1:29  SCV  
  17  1:37  Command Center  
  17  1:45  SCV  
  18  1:51  Marine  
  19  2:01  Engineering Bay  
  19  2:14  Orbital Command  
  19  2:27  Marine  
  20  2:48  Planetary Fortress  
  20  3:09  Marine  
  18  3:15  Refinery  
  18  3:16  Factory  
  18  3:19  SCV  
  19  3:25  SCV  
  20  3:27  Marine  
  20  3:31  SCV  
  22  3:37  SCV  
  22  3:41  Missile Turret  
  23  3:42  Missile Turret  
  23  3:43  SCV  
  23  3:46  Barracks Tech Lab  
  24  3:49  SCV  
  24  3:55  SCV  
  26  4:00  Refinery  
  26  4:01  SCV  
  26  4:02  Refinery  
  27  4:04  Widow Mine  
  27  4:09  SCV  
  30  4:13  SCV  
  31  4:22  Marauder, Concussive Shells  
  33  4:28  Factory  
  33  4:29  Factory  
  33  4:34  SCV  
  33  4:36  Factory Tech Lab  
  36  4:45  Marauder  
  36  4:50  SCV  
  37  4:54  SCV  
  38  5:05  Siege Tank  
  30  5:17  Marauder  
  30  5:21  Widow Mine  
  25  5:23  SCV  
  28  5:35  SCV  
  29  5:40  Marauder  
  30  5:49  Widow Mine  
  26  6:01  Marauder  
  26  6:18  Widow Mine  
  25  6:22  Marauder  
  27  6:25  SCV  
  26  6:38  SCV  
  27  6:44  Marauder  
  29  6:50  SCV  
  30  7:04  Supply Depot  
  30  7:07  Factory  
  30  7:22  Command Center  
  30  7:23  Supply Depot  
  30  7:25  Widow Mine  
  30  7:26  Marauder, SCV x2  
  30  7:28  Armory  
  36  7:43  Barracks  
  36  7:47  Marauder  
  38  7:55  SCV  
  39  8:02  Factory Reactor  
Show
View Real Time Build Order
Export as new Build Order

icedcoffee Protoss 

Build Orders: Dark Templar Rush 

Get SALT Encoding   

  12  0:34  Assimilator  
  12  0:36  Pylon  
  12  0:37  Probe (Chrono Boost)  
  13  0:47  Probe (Chrono Boost)  
  14  0:50  Pylon  
  14  0:54  Forge  
  14  0:58  Probe (Chrono Boost)  
  15  1:14  Probe (Chrono Boost)  
  15  1:16  Gateway  
  16  1:28  Photon Cannon  
  16  1:31  Probe (Chrono Boost)  
  17  1:43  Probe (Chrono Boost)  
  18  1:48  Assimilator  
  18  1:54  Probe (Chrono Boost)  
  19  2:03  Cybernetics Core  
  19  2:08  Gateway  
  19  2:16  Probe (Chrono Boost)  
  20  2:26  Pylon, Probe (Chrono Boost)  
  22  2:37  Probe (Chrono Boost)  
  22  2:40  Pylon  
  22  2:52  Warp Gate (Chrono Boost)  
  22  2:53  Twilight Council  
  22  2:57  Pylon  
  22  3:06  Probe  
  23  3:19  Probe  
  24  3:32  Dark Shrine  
  24  3:35  Gateway  
  24  3:38  Gateway  
  24  3:45  Probe  
  25  3:49  Photon Cannon  
  25  3:57  Probe  
  26  4:04  Pylon  
  26  4:18  Probe  
  27  4:30  Probe (Chrono Boost)  
  28  4:42  Probe (Chrono Boost)  
  28  4:45  Dark Templar x4  
  37  5:01  Probe (Chrono Boost)  
  37  5:04  Photon Cannon  
  38  5:25  Dark Templar x3  
  44  6:03  Dark Templar  
  31  6:54  Probe (Chrono Boost)  
  31  7:18  Pylon  
  31  7:21  Pylon  
  31  7:24  Stalker x2  
  31  7:25  Stalker x2, Nexus  
  37  7:44  Probe  
  37  7:49  Dark Templar  
  37  7:50  Dark Templar x2  
  44  8:26  Stalker x2, Dark Templar  
Tags
 
Add a new tag
Caveats
  • Supply blocks, unpowered buildings, or Contaminate may cause inaccurate times.
  • Supply counts are checked every 10 seconds.